 Dungeon Crawl Stone Soup version 0.27-a0-1325-g58a489ad9e (webtiles) character file.

Game seed: 16469023100207021713

35 puppykicker the Ducker (level 3, -1/27 HPs)
             Began as a Djinni Hedge Wizard on June 25, 2021.
             Slain by a shadow imp (5 damage)
             ... summoned by Natasha
             ... on level 2 of the Dungeon.
             The game lasted 00:02:25 (1772 turns).

puppykicker the Ducker (Djinni Hedge Wizard)        Turns: 1772, Time: 00:02:26

Health: -1/27      AC:  2    Str: 10    XL:     3   Next: 52%
Gold:   49         EV: 12    Int: 15    God:
                   SH:  0    Dex: 12

rFire    + + .     SeeInvis .   a - +0 long sword
rCold    x . .     Faith    .   (no shield)
rNeg     . . .     Spirit   .   b - +0 robe
rPois    ∞         Reflect  .   c - +0 hat
rElec    .         Harm     .   (no cloak)
rCorr    .         Rampage  .   (no gloves)
Will     .....                  (boots unavailable)
Stlth    ++........             (no amulet)
HPRegen  0.09/turn              (no ring)
MPRegen  0.00/turn              (no ring)

@: flying, very slightly contaminated
A: sickness immunity, fire resistance 2, cold vulnerability 1, float, innate
caster, hp casting, extra vitality 1
a: no special abilities


You were on level 2 of the Dungeon.
You visited 1 branch of the dungeon, and saw 2 of its levels.

You collected 49 gold pieces.

Inventory:

Hand Weapons
 a - a +0 long sword (weapon)
Missiles
 Q - 38 arrows
Armour
 b - a +0 robe (worn)
 c - a +0 hat (worn)
Scrolls
 d - a scroll of amnesia {unknown}
 g - a scroll of fog {unknown}
Potions
 e - a potion of curing {unknown}
 f - a potion of degeneration {unknown}


   Skills:
 + Level 1.1 Fighting
 * Level 0.5 Long Blades
 + Level 1.1 Armour
 + Level 2.7 Dodging
 - Level 1.5 Stealth
 + Level 2.6 Spellcasting


You couldn't memorise any spells.
You knew the following spells:

 Your Spells              Type           Power      Damage    Failure   Level
a - Magic Dart            Conj           40%        1d5       7%          1
b - Call Imp              Summ           10%        N/A       11%         2
c - Conjure Flame         Conj/Fire      10%        6-21      21%         3
p - Blink                 Tloc           N/A        N/A       11%         2
s - Slow                  Hex            10%        N/A       11%         2
x - Mephitic Cloud        Conj/Pois/Air  10%        N/A       21%         3
z - Animate Skeleton      Necr           20%        N/A       7%          1
Your spell library was empty.

Dungeon Overview and Level Annotations

Branches:
Dungeon (2/15)

Altars:

Annotations:
D:2 Natasha


Innate Abilities, Weirdness & Mutations

You are immune to sickness and miasma.
You are immune to poison.
Your flesh is very heat resistant. (rF++)
You are vulnerable to cold. (rC-)
You float through the air rather than walking.
You learn spells naturally, not from books.
Your magical power is your life essence.
You have superior vitality. (+4 HP)


Message History

You are very lightly contaminated with residual magic.
Nothing appears to happen.
Natasha barely misses you.
You take 3 damage, and have 23/27 hp.
Casting: Mephitic Cloud (quite dangerous; 21% risk of failure)
The spell is quite dangerous to cast (21% risk of failure)!
Continue anyway?
Aiming: Mephitic Cloud (quite dangerous; 21% risk of failure)
Press: ? - help, Shift-Dir - straight line, f/p - Natasha
Aim: Natasha (chance to affect: 86%)
The ball explodes into a vile cloud!
The stinking cloud engulfs Natasha but does no damage.
The stinking cloud engulfs you but does no damage.
The stinking cloud engulfs the shadow imp but does no damage.
You hear a bark!
Natasha is engulfed in noxious fumes.
Natasha appears confused.
Natasha misses you.
You take 2 damage, and have 21/27 hp.
You hit Natasha.
The shadow imp hits you but does no damage.
Natasha is engulfed in noxious fumes.
Natasha appears confused.
The shadow imp hits you but does no damage.
You hit Natasha.
Natasha is engulfed in noxious fumes.
Natasha appears confused.
Natasha claws you!
* * * LOW HITPOINT WARNING * * *
The shadow imp gestures at you.
You barely resist.
Natasha is engulfed in noxious fumes.
Natasha appears confused.
Natasha claws you!
* * * LOW HITPOINT WARNING * * *
You take 16 damage, and have 5/27 hp.
MASSIVE DAMAGE!!
The shadow imp sputters.
A quokka comes into view.
Natasha is engulfed in noxious fumes.
Natasha appears confused.
You aren't carrying any items that you can evoke.
Unknown command.
You barely miss Natasha.
The quokka twitches its whiskers.
Natasha claws you.
* * * LOW HITPOINT WARNING * * *
The shadow imp barely misses you. The shadow imp hits you.
You die...

#.........
#........#
#........#
#........# .
#........#..
+h.........
#..r....#
#..@....#
#..5....#
#.......#
#.......#
####.#'##
...#..#
######.#
#.## #..#


You could see Natasha (confused), a shadow imp (summoned) and a quokka.

Levels and vault maps discovered:
D:1:      dpeg_arrival_court, layout_basic,
          hellmonk_ecumenical_altar_prayer_group
D:2:      layout_basic, kennysheep_generic_room_11, uniq_natasha, uniq_sigmund

Notes
Turn   | Place    | Note
-------+----------+-------------------------------------------
     0 | D:1      | puppykicker the Djinni Hedge Wizard began the quest for the
                  | Orb.
     0 | D:1      | Reached XP level 1. HP: 15/15 MP: 0/0
   180 | D:1      | Identified a +0 club
   192 | D:1      | Identified a +0 whip
   514 | D:1      | Reached XP level 2. HP: 19/22 MP: 0/0
   668 | D:1      | Identified a +0 scale mail
  1075 | D:1      | Identified a +0 long sword
  1100 | D:1      | Identified a +0 club
  1104 | D:1      | Reached skill level 1 in Armour
  1153 | D:1      | Reached XP level 3. HP: 18/26 MP: 0/0
  1153 | D:1      | Learned a level 1 spell: Animate Skeleton
  1218 | D:1      | Identified a +0 pair of boots
  1222 | D:1      | Reached skill level 1 in Fighting
  1222 | D:1      | Identified a +0 club
  1225 | D:1      | Found a faded altar of an unknown god.
  1425 | D:1      | Identified a +0 short sword
  1762 | D:2      | Noticed Natasha
  1768 | D:2      | HP: 5/27 [Natasha (7)]
  1772 | D:2      | Slain by a shadow imp

Table legend: (Time is in decaauts)
 A = Elapsed time spent in this place.
 B = Non-inter-level travel time spent in this place.
 C = Inter-level travel time spent in this place.
 D = Time resting spent in this place.
 E = Time spent auto-exploring this place.
 F = Levels seen in this place.
 G = Mean time per level.
                   A        B        C        D        E       F      G
               +--------+--------+--------+--------+--------+-----+--------+
         Total |   1774 |   1755 |     19 |   1044 |    539 |   2 |  887.0 |
       Dungeon |   1774 |   1755 |     19 |   1044 |    539 |   2 |  887.0 |
               +--------+--------+--------+--------+--------+-----+--------+

Top non-repeatable levels by time:
     D:1: 1745 daAuts
     D:2: 29 daAuts

Table legend:
 A = Kills in this place as a percentage of kills in entire the game.
 B = Kills by you in this place as a percentage of kills by you in the entire game.
 C = Kills by friends in this place as a percentage of kills by friends in the entire game.
 D = Other kills in this place as a percentage of other kills in the entire game.
 E = Experience gained in this place as a percentage of experience gained in the entire game.
 F = Experience gained in this place divided by the number of levels of this place that you have seen.
                   A       B       C       D       E      F
               +-------+-------+-------+-------+-------+----------------------
         Total | 100.0 | 100.0 |   N/A |   N/A | 100.0 |  25.0
       Dungeon | 100.0 | 100.0 |   N/A |   N/A | 100.0 |  25.0
               +-------+-------+-------+-------+-------+----------------------

Skill      XL: |  1  2  3 |
---------------+----------+-----
Armour         | 1 |  1.1
Fighting       | 1 |  1.1
Long Blades    | |  0.5
Dodging        | |  2.7
Stealth        | |  1.5
Spellcasting   | |  2.6

Action                   || total
-------------------------++-------
Melee: Dagger            ||     7
       Long sword        ||    11
 Cast: Magic Dart        ||    73
       Mephitic Cloud    ||     1
Armor: Robe              ||     8
Dodge: Dodged            ||    27
       Rpst.: Long sword ||     4

Vanquished Creatures
  2 dart slugs (D:1)
  4 ball pythons (D:1)
  6 endoplasms
  A giant cockroach (D:1)
  A goblin (D:1)
  3 hobgoblins (D:1)
  3 kobolds (D:1)
  3 quokkas (D:1)
  A bat (D:1)
  A frilled lizard (D:1)
  2 rats (D:1)
27 creatures vanquished.
